 Dungeon Crawl Stone Soup version 0.32-a0-913-g739538afd8 (webtiles) character file.

Game seed: 12484267670015001835

135225 jasper the Peltast (level 16, -14/136 HPs)
             Began as a Demonspawn Wanderer on Apr 8, 2024.
             Was an Initiate of Gozag.
             Killed from afar by a bog body (39 damage)
             ... with a bolt of cold
             ... on level 2 of the Swamp on Apr 9, 2024.
             The game lasted 01:06:03 (32826 turns).

jasper the Peltast (Demonspawn Wanderer)           Turns: 32826, Time: 01:06:03

Health: -14/136    AC: 23    Str: 11    XL:     16   Next: 64%
Magic:  16/16      EV: 18    Int: 13    God:    Gozag
Gold:   5091       SH: 16    Dex: 27    Spells: 13/15 levels left

rFire   + . .        I - +1 scimitar (flame)
rCold   . . .        O - +0 kite shield {reflect}
rNeg    . . .        N - +0 acid dragon scales
rPois   +            w - +1 helmet
rElec   .            K - +2 cloak {rCorr}
rCorr   +            V - +1 pair of gloves of Ikkohil {^Drain rF+ Int+3 Dex+2}
SInv    .            (no boots)
Will    ++...        G - amulet of regeneration
Stlth   ++           y - +4 ring of protection
HPRegen 1.22/turn    s - ring "Gys Zit" {rPois Will+}
MPRegen 0.15/turn

%: reflection
@: gold aura, studying Fighting
A: hooves 2, thin metallic scales 1, demonic guardian 3, spiny 1, bedeviling
a: Renounce Religion, Potion Petition, Call Merchant, Bribe Branch


You were on level 2 of the Swamp.
You worshipped Gozag.
Gozag was greatly pleased with you.
You visited 7 branches of the dungeon, and saw 27 of its levels.
You visited the Abyss 1 time.
You also visited: Bailey, Gauntlet and Ice Cave.

You collected 11763 gold pieces.
You spent 3188 gold pieces at shops.
You paid 3484 gold pieces to Gozag.

Inventory:

Hand Weapons
 I - a +1 scimitar of flaming (weapon)
 P - a +5 scimitar
Missiles
 b - a throwing net
 t - 30 boomerangs (quivered)
 F - 10 curare-tipped darts
 M - 10 javelins
Armour
 d - a +0 tower shield
 w - a +1 helmet (worn)
 K - a +2 cloak of preservation (worn)
 N - +0 acid dragon scales (worn)
 O - a +0 kite shield of reflection (worn)
 V - the +1 pair of gloves of Ikkohil (worn) {^Drain rF+ Int+3 Dex+2}
   (You acquired it on level 2 of the Orcish Mines)

   Int+3:     It affects your intelligence (+3).
   Dex+2:     It affects your dexterity (+2).
   rF+:       It protects you from fire.
   ^Drain:    It drains your maximum health when unequipped.
 Z - a scarf of resistance
Jewellery
 s - the ring "Gys Zit" (right hand) {rPois Will+}
   (You bought it in a shop on level 1 of the Depths)

   [ring of poison resistance]

   rPois:     It protects you from poison.
   Will+:     It increases your willpower.
 y - a +4 ring of protection (left hand)
 z - a +6 ring of dexterity
 G - an amulet of regeneration (around neck)
 J - a ring of flight
Wands
 a - a wand of iceblast (24)
 e - a wand of mindburst (5)
 p - a wand of flame (21)
 x - a wand of digging (4)
 W - a wand of paralysis (13)
Scrolls
 f - 3 scrolls of noise
 i - a scroll of poison
 k - 13 scrolls of teleportation
 l - 6 scrolls of enchant weapon
 n - a scroll of vulnerability
 q - 2 scrolls of fear
 r - a scroll of silence
 v - 2 scrolls of revelation
 B - 3 scrolls of immolation
 C - a scroll of enchant armour
 R - 2 scrolls of torment
 T - 2 scrolls of amnesia
 U - 4 scrolls of fog
 X - a scroll of summoning
Potions
 c - 8 potions of attraction
 g - 10 potions of curing
 h - 4 potions of might
 j - a potion of haste
 m - 4 potions of resistance
 u - a potion of magic
 A - 2 potions of brilliance
 D - 2 potions of cancellation
 E - 3 potions of ambrosia
 H - a potion of invisibility
 L - 2 potions of enlightenment
 S - 2 potions of mutation
Miscellaneous
 Q - a phial of floods (inert)
 Y - a phantom mirror (inert)


   Skills:
 - Level 15.0 Fighting
 - Level 14.0 Long Blades
 - Level 10.0 Armour
 - Level 10.0 Dodging
 + Level 15.9 Shields
 - Level 1.7 Unarmed Combat
 - Level 1.2 Invocations


You had 13 spell levels left.
You knew the following spells:

 Your Spells              Type           Power      Damage    Failure   Level
a - Blink                 Tloc           0%         N/A       77%         2

Your spell library contained the following spells:

 Spells                   Type           Power      Damage    Failure   Level
 Freeze                   Ice            0%         1d3       63%         1
 Magic Dart               Conj           0%         1d3       63%         1
 Necrotise                Necr           0%         1d4       63%         1
 Call Imp                 Summ           0%         N/A       77%         2
 Lesser Beckoning         Tloc           0%         N/A       77%         2
 Mercury Vapours          Alch/Air       0%         N/A       77%         2
 Momentum Strike          Conj/Tloc      0%         3d8       77%         2
 Searing Ray              Conj           0%         2d4       77%         2
 Sublimation of Blood     Necr           0%         N/A       77%         2
 Maxwell's Portable Pile  Tloc           0%         2d(5-13)  94%         3
 Mephitic Cloud           Conj/Alch/Air  0%         N/A       94%         3
 Ozocubu's Armour         Ice            0%         N/A       94%         3
 Teleport Other           Tloc           0%         N/A       94%         3
 Vampiric Draining        Necr           0%         2d6       94%         3
 Fulminant Prism          Conj/Alch      0%         3d5       100%        4
 Martyr's Knell           Necr/Summ      0%         N/A       100%        4
 Borgnjor's Vile Clutch   Necr/Erth      0%         N/A       100%        5
 Curse of Agony           Necr           0%         N/A       100%        5
 Freezing Cloud           Conj/Ice/Air   0%         6-21      100%        5
 Summon Forest            Summ/Tloc      0%         N/A       100%        5
 Death Channel            Necr           0%         N/A       100%        6
 Eringya's Noxious Bog    Alch           0%         4d6       100%        6
 Summon Hydra             Summ           0%         N/A       100%        7
 Chain Lightning          Conj/Air       0%         N/A       100%        9
 Fire Storm               Conj/Fire      0%         5d1       100%        9
 Shatter                  Erth           0%         3d5*      100%        9
 Animate Dead             Necr           Unusable   N/A       N/A         4

Dungeon Overview and Level Annotations

Branches:
Dungeon (15/15)            Temple (0/1) D:5            Lair (5/5) D:10
  Swamp (2/4) Lair:3        Snake (1/4) Lair:3        Slime (0/5) Lair:5
    Orc (2/2) D:12            Elf (1/3) Orc:2        Vaults (0/5) D:13
 Depths (1/4) D:15         Bailey (visited)           IceCv (visited)
Gauntlet (visited)

Altars:
Cheibriados
Fedhas
Gozag
Kikubaaqudgha
Makhleb
Nemelex Xobeh
Qazlal
Sif Muna
Xom
Yredelemnul
Beogh
Lugonu

Shops:
D:1 ?   D:2 !   D:10 :   Orc:2 *?((   Depths:1 =*[=

Portals:
Abyss: D:14
Trove: D:15 (give 2 scrolls of acquirement)

Annotations:
D:2 exclusion: adder
D:8 3 runed translucent doors, Biggs's ghost, novice OpSh
D:10 exclusion: orange crystal statue
D:13 1 runed translucent door
Lair:5 exclusion: obsidian statue
Snake:1 Asterion


Innate Abilities, Weirdness & Mutations

You have hoof-like feet.
You are partially covered in thin metallic scales. (AC +2)
A powerful demonic guardian rushes to your aid.
You are partially covered in sharp spines.
Your hexes are more powerful.


Message History

You hit the bunyip. You burn the bunyip. You kick the bunyip, but do no damage.
The bunyip is heavily wounded.
You block the bunyip's attack. x2; The bunyip claws you!!
* * * LOW HITPOINT WARNING * * *
Your cacodemon closely misses the bunyip.
Your cacodemon hits the bunyip!
You take 19 damage, and have 19/136 hp.
Okay, then.
As you read the scroll of fear, it crumbles to dust.
You assume a fearsome visage.
The bunyip easily resists.
The bog body is unaffected.
The spriggan rider looks frightened!
Your cacodemon hits the bunyip.
Your cacodemon barely misses the bunyip.
You regained 2 hp, and now have 21/136 hp.
You slash the bunyip! You burn the bunyip. You kick the bunyip.
The bunyip is almost dead.
A spriggan rider comes into view.
It is wielding a +0 spear and quivering curare-tipped darts.
Your cacodemon gestures at the bunyip.
The bunyip twists and deforms.
You strike the helpless bunyip from behind!
You slash the bunyip! You burn the bunyip.
You kill the bunyip!
The spriggan rider throws a curare-tipped dart.
The curare-tipped dart hits your cacodemon.
You barely miss the bog body. Your kick misses the bog body.
Your cacodemon misses the bog body. Your cacodemon hits the bog body!
The spriggan rider throws a curare-tipped dart.
The curare-tipped dart barely misses your cacodemon.
You block the curare-tipped dart with your +0 kite shield of reflection... and reflect it back!
The curare-tipped dart completely misses your cacodemon.
The curare-tipped dart hits the spriggan rider.
The spriggan rider is poisoned.
The spriggan rider struggles to breathe.
The spriggan rider seems to slow down.
You hit the bog body. Your kick misses the bog body.
The bog body is heavily damaged.
The bog body gestures at you while chanting.
The bolt of cold hits you!!!
You die...
Your body crumbles into a pile of gold.

#....~.~~
###.....~.~.
###.#..~.~~...
#.......~.~.♣
#...(.♣~..~~♣♣
..~..~..§~.~
♣..n~.♣.i.~
♣@2~..♣
♣♣$$...♣
♣♣♣♣~...~♣♣
♣.....~♣♣♣
♣...♣.~...♣ ♣
§.♣
♣♣.~~.♣♣♣♣♣♣.♣♣
.
♣♣♣~..)~.~~..♣
♣..~)~~~....
♣~§~.♣♣♣♣♣♣.


You could see a spriggan rider (very poisoned, slow), a bog body (ally target)
and a friendly cacodemon (summoned).

Vanquished Creatures
  A tentacled monstrosity (Abyss:3)
  Louise (Swamp:1)
  A very ugly thing (D:14)
  3 eleionomae (Swamp:1)
  Nessos (Orc:2)
  A minotaur (Gauntlet)
  A dire elephant (Lair:5)
  A bunyip (Swamp:2)
  An ettin (Orc:1)
  A quicksilver dragon zombie (D:15)
  A yaktaur captain (D:13)
  Fannar (Lair:1)
  A boulder beetle (Lair:2)
  8 hydras
  An alligator (Swamp:1)
  Erica (Orc:1)
  2 ghost crabs
  4 ogre magi (Orc:2)
  14 two-headed ogres
  A catoblepas (Lair:5)
  3 centaur warriors
  A thrashing horror (Abyss:3)
  4 death yaks
  An orc high priest (Orc:2)
  A spectral dire elephant (Lair:5)
  Sonja (Orc:1)
  A sun demon (Abyss:3)
  A vampire mage (D:15)
  2 goliath frogs (Swamp:2)
  2 spectral death yaks (Lair:5)
  3 skeletal warriors (D:15)
  A skyshark (Lair:4)
  A storm dragon skeleton (D:15)
  A shadow demon (Abyss:3)
  2 spriggan druids
  A spectral anaconda (Lair:5)
  A swamp dragon (Swamp:1)
  An obsidian statue (D:13)
  Pikel (D:9)
  6 necromancers
  An orc knight (D:13)
  17 ugly things
  2 deep elf pyromancers
  2 orc sorcerers
  A will-o-the-wisp (Swamp:1)
  An obsidian bat (Orc:2)
  6 cyclopes
  A large abomination (Abyss:3)
  4 manticores
  6 meliai
  A worldbinder (Abyss:3)
  9 black mambas
  3 kobold blastminers
  14 elephants
  A naga mage (Lair:3)
  2 gargoyles
  A minotaur zombie (Gauntlet)
  Maggie (D:7)
  16 cane toads
  7 komodo dragons
  4 kobold demonologists
  3 unseen horrors
  A yaktaur (D:13)
  An efreet (D:15)
  An anaconda simulacrum (IceCv)
  5 rime drakes
  Psyche (D:8)
  6 trolls
  3 hornets (Swamp:2)
  2 queen bees (shapeshifter)
  2 polar bears
  7 tyrant leeches
  A spectral elephant (Lair:5)
  Prince Ribbit (D:7)
  5 dream sheep
  23 blink frogs
  4 slime creatures (D:11)
  5 spriggans
  2 wraiths
  2 shadows (D:12)
  A wyvern (D:9)
  38 yaks
  5 dire elephant simulacra
  7 basilisks
  4 fire elementals (Orc:2)
  13 vampire mosquitoes
  3 wargs
  2 steam dragons
  Menkaure (D:7)
  Edmund (D:6)
  2 nagas (Lair:3)
  2 spectral cane toads (Lair:5)
  8 swamp worms
  A harpy simulacrum (IceCv)
  13 water moccasins
  An acid dragon (D:7)
  29 orc warriors
  2 hell hounds (Orc:2)
  2 black bears
  An ice beast (D:7)
  A swamp drake (Swamp:1)
  18 centaurs
  24 ogres
  23 wolves
  The ghost of Stellion the Changeling, an amateur DsSh (D:3)
  3 lemures (D:9)
  2 phantoms
  3 kobold brigands
  12 bullfrogs
  2 scorpions
  14 wights
  2 troll zombies (D:12)
  5 killer bees (D:9)
  3 howler monkeys
  5 electric eels (Bailey)
  A bombardier beetle (D:4)
  3 hounds
  11 orc priests
  A jelly (D:5)
  A quasit (Abyss:3)
  An iron imp (Abyss:3)
  A starcursed mass (Abyss:3)
  A gnoll bouda (D:6)
  3 iguanas
  25 orc wizards
  4 ogre zombies (D:12)
  9 gnolls
  8 adders
  A shadow imp (D:8)
  3 white imps
  2 ufetubi (Abyss:3)
  3 dart slugs
  3 ribbon worms
  86 orcs
  5 endoplasms
  4 giant cockroaches
  25 goblins
  11 hobgoblins
  6 jackals
  6 quokkas
  9 ball pythons
  3 bats
  2 frilled lizards (D:3)
  3 gnoll skeletons (D:12)
  2 gnoll zombies (D:12)
  11 kobolds
  4 orc skeletons (D:12)
  10 orc zombies (D:12)
  6 rats
784 creatures vanquished.

Vanquished Creatures (collateral kills)
  Saint Roka (Orc:2)
  Donald (Orc:1)
  A very ugly thing (IceCv)
  2 dire elephants (Lair:5)
  Azrael (Orc:2)
  An alligator (Swamp:1)
  A two-headed ogre (Orc:2)
  A death yak (Lair:4)
  2 sixfirhies (Abyss:3)
  An ugly thing (D:14)
  An elephant (Lair:5)
  A large abomination (Abyss:3)
  A yaktaur (D:13)
  A golden dragon simulacrum (IceCv)
  2 trolls
  A hornet (Swamp:1)
  4 dream sheep (Lair:3)
  3 blink frogs
  2 slime creatures (D:11)
  A spriggan (Swamp:1)
  A fire elemental (Orc:2)
  A hydra simulacrum (IceCv)
  A hell hound (Orc:2)
  4 orc warriors (Orc:2)
  An ogre (Orc:2)
  3 starcursed masses (Abyss:3)
  A small abomination (Abyss:3)
  A white imp (D:5)
  6 orcs
48 creatures vanquished.

Vanquished Creatures (others)
  An eleionoma (Swamp:1)
  4 foxfires (Swamp:1)
5 creatures vanquished.

Grand Total: 837 creatures vanquished

Notes
Turn   | Place    | Note
-------+----------+-------------------------------------------
     0 | D:1      | jasper the Demonspawn Wanderer began the quest for the Orb.
     0 | D:1      | jasper set off with the following items: a +0 dagger, 3
                  | throwing nets, 2 potions of attraction, a scroll of
                  | blinking, a +0 leather armour.
     0 | D:1      | Reached XP level 1. HP: 18/18 MP: 1/1
   386 | D:1      | Found Zyssiofe's Magic Scroll Boutique.
   491 | D:1      | Gained mutation: You have large cloven feet. [demonic
                  | ancestry]
   491 | D:1      | Reached XP level 2. HP: 22/24 MP: 2/2
  1194 | D:2      | Gained mutation: You have hoof-like feet. [demonic
                  | ancestry]
  1194 | D:2      | Reached XP level 3. HP: 17/30 MP: 3/3
  1611 | D:1      | Bought a scroll of fear for 44 gold pieces
  1785 | D:2      | Found Archaty's Distillery.
  1831 | D:2      | Bought a potion of lignification for 39 gold pieces
  2463 | D:3      | Found a runed translucent door.
  2463 | D:3      | Noticed Stellion's ghost (amateur DsSh)
  2700 | D:3      | Reached XP level 4. HP: 38/38 MP: 4/4
  3022 | D:2      | Bought a potion of heal wounds for 65 gold pieces
  3289 | D:3      | You fall into a shaft and drop 1 floor!
  3306 | D:4      | Reached skill level 5 in Fighting
  3311 | D:4      | Gained mutation: You are partially covered in sharp spines.
                  | [demonic ancestry]
  3311 | D:4      | Reached XP level 5. HP: 29/44 MP: 5/5
  3601 | D:3      | Killed Stellion's ghost
  3769 | D:4      | Noticed a phantom
  3855 | D:4      | Gained mutation: A weak demonic guardian rushes to your
                  | aid. [demonic ancestry]
  3855 | D:4      | Reached XP level 6. HP: 50/53 MP: 6/6
  3896 | D:4      | Reached skill level 1 in Long Blades
  4130 | D:4      | Identified the +7 whip "Killer Klown's Death" {venom,
                  | ^Drain Fly MP-9 Dex+5}
  4300 | D:5      | Entered Level 5 of the Dungeon
  4372 | D:4      | Reached XP level 7. HP: 54/59 MP: 7/7
  4441 | D:5      | Found an opulent altar of Gozag.
  4446 | D:5      | Became a worshipper of Gozag Ym Sagoz the Greedy
  5106 | D:5      | Reached skill level 5 in Long Blades
  5185 | D:5      | Found a staircase to the Ecumenical Temple.
  5641 | D:6      | Noticed a two-headed ogre
  5650 | D:6      | Killed a two-headed ogre
  5651 | D:6      | Reached XP level 8. HP: 42/65 MP: 8/8
  6726 | D:6      | Noticed Edmund
  6738 | D:6      | Killed Edmund
  6933 | D:6      | Reached XP level 9. HP: 64/67 MP: 9/9
  7207 | D:7      | Found an ancient bone altar of Kikubaaqudgha.
  7351 | D:7      | Noticed Prince Ribbit
  7368 | D:7      | Killed Prince Ribbit
  7369 | D:7      | Reached skill level 5 in Dodging
  7396 | D:7      | Found a flagged portal.
  7468 | Bailey   | Entered a bailey
  7997 | Bailey   | Noticed a kobold demonologist
  8003 | Bailey   | Killed a kobold demonologist
  8279 | Bailey   | Acquired 354 gold pieces
  8297 | Bailey   | Reached skill level 10 in Long Blades
  8688 | Bailey   | Found an iron altar of Okawaru.
  8688 | Bailey   | Noticed an orc sorcerer
  8764 | Bailey   | Reached XP level 10. HP: 62/80 MP: 10/10
  8814 | Bailey   | Identified the +3 hand axe of the Spider Nest {freeze,
                  | +Blink rF+ Str+3}
  8830 | Bailey   | Got the Folio of Dislocated Frostbite
  8961 | D:7      | Noticed Menkaure
  8967 | D:7      | Killed Menkaure
  9033 | D:7      | Noticed Maggie
  9049 | D:7      | Killed Maggie
  9301 | D:7      | Found a snail-covered altar of Cheibriados.
  9972 | D:8      | Found a sparkling altar of Nemelex Xobeh.
 10084 | D:8      | Got the Verses on the Shot
 10153 | D:8      | Found a basalt altar of Yredelemnul.
 10153 | D:8      | Found a shimmering altar of Xom.
 10153 | D:8      | Noticed Psyche
 10161 | D:8      | Killed Psyche
 10191 | D:8      | Found a shimmering blue altar of Sif Muna.
 10401 | D:8      | Found a runed translucent gate.
 10401 | D:8      | Found a runed translucent gate.
 10401 | D:8      | Found a runed translucent gate.
 10411 | D:8      | Noticed Biggs's ghost (novice OpSh)
 10720 | D:8      | Found a roughly hewn altar of Beogh.
 11452 | D:9      | Noticed Pikel
 11462 | D:9      | Killed Pikel
 11844 | D:10     | Entered Level 10 of the Dungeon
 11955 | D:10     | Gained mutation: A demonic guardian rushes to your aid.
                  | [demonic ancestry]
 11955 | D:10     | Reached XP level 11. HP: 65/89 MP: 11/11
 12225 | D:10     | Found a stormy altar of Qazlal.
 12275 | D:10     | Noticed an orange crystal statue
 12479 | D:10     | Found a blossoming altar of Fedhas.
 12725 | D:11     | Reached skill level 1 in Armour
 12949 | D:11     | Noticed a two-headed ogre
 12957 | D:11     | Killed a two-headed ogre
 13181 | D:11     | Reached skill level 10 in Fighting
 13549 | D:11     | Learned a level 2 spell: Blink
 13966 | D:10     | Found Eniem's Self-Published Books.
 14016 | D:10     | Found a staircase to the Lair.
 14162 | D:10     | Found a burning altar of Makhleb.
 14227 | Lair:1   | Entered Level 1 of the Lair of Beasts
 14825 | Lair:1   | Reached XP level 12. HP: 59/99 MP: 12/12
 14885 | Lair:1   | Noticed a seven-headed hydra
 15038 | Lair:1   | Killed a seven-headed hydra
 15685 | Lair:2   | Noticed a boulder beetle
 15702 | Lair:2   | Killed a boulder beetle
 15787 | Lair:2   | Noticed Fannar
 15807 | Lair:1   | Killed Fannar
 15808 | Lair:1   | Reached skill level 5 in Armour
 17884 | Lair:3   | Gained mutation: A powerful demonic guardian rushes to your
                  | aid. [demonic ancestry]
 17884 | Lair:3   | Reached XP level 13. HP: 109/109 MP: 13/13
 17913 | Lair:3   | Acquired 957 gold pieces
 17958 | Lair:3   | Found a gate leading to a gauntlet.
 18007 | Gauntlet | Entered a Gauntlet
 18007 | Gauntlet | Found a transporter.
 18007 | Gauntlet | Found a transporter.
 18007 | Gauntlet | Found a large runed translucent door.
 18007 | Gauntlet | Found a large runed translucent door.
 18007 | Gauntlet | Found a large runed translucent door.
 18007 | Gauntlet | Found a large runed translucent door.
 18007 | Gauntlet | Found a large runed translucent door.
 18007 | Gauntlet | Found a large runed translucent door.
 18007 | Gauntlet | Found a runed translucent door.
 18007 | Gauntlet | Found a runed translucent door.
 18007 | Gauntlet | Found a large runed translucent door.
 18007 | Gauntlet | Found a large runed translucent door.
 18007 | Gauntlet | Found a large runed translucent door.
 18007 | Gauntlet | Found a large runed translucent door.
 18007 | Gauntlet | Found a large runed translucent door.
 18007 | Gauntlet | Found a large runed translucent door.
 18059 | Gauntlet | Found a transporter.
 18059 | Gauntlet | Found a transporter.
 18060 | Gauntlet | Found a large runed translucent door.
 18060 | Gauntlet | Found a large runed translucent door.
 18060 | Gauntlet | Found a large runed translucent door.
 18060 | Gauntlet | Found a large runed translucent door.
 18064 | Gauntlet | Found a runed translucent gate.
 18064 | Gauntlet | Found a runed translucent gate.
 18064 | Gauntlet | Found a runed translucent gate.
 18066 | Gauntlet | Found a transporter.
 18072 | Gauntlet | Noticed a balrug
 18087 | Gauntlet | Found a transporter.
 18095 | Gauntlet | Found a transporter.
 18095 | Gauntlet | Found a transporter.
 18099 | Gauntlet | Found a transporter.
 18126 | Gauntlet | Found a transporter.
 18133 | Gauntlet | Found a transporter.
 18151 | Gauntlet | Found a transporter.
 18197 | Gauntlet | Found a transporter.
 18218 | Gauntlet | Found a transporter.
 18317 | Gauntlet | Found a transporter.
 18342 | Gauntlet | Found a transporter.
 18777 | Gauntlet | Identified the ring of Cieptod {Fly rCorr Str-5 Dex+5}
 18781 | Gauntlet | Acquired 1263 gold pieces
 18937 | Gauntlet | Noticed a minotaur
 18947 | Gauntlet | Killed a minotaur
 19116 | Lair:3   | Found a staircase to the Swamp.
 19247 | Lair:3   | Found a staircase to the Snake Pit.
 21429 | Lair:5   | Entered Level 5 of the Lair of Beasts
 21685 | Lair:5   | Gained mutation: Your hexes are more powerful. [demonic
                  | ancestry]
 21685 | Lair:5   | Reached XP level 14. HP: 93/121 MP: 14/14
 21897 | Lair:5   | Found a staircase to the Slime Pits.
 22774 | D:12     | Reached skill level 10 in Dodging
 22821 | D:12     | Reached skill level 15 in Fighting
 22890 | D:12     | Found a staircase to the Orcish Mines.
 23311 | D:12     | Acquired the +8 orange crystal plate armour {Archmagi,
                  | Int+3 Clar}
 23311 | D:12     | Found the +8 orange crystal plate armour {Archmagi, Int+3
                  | Clar}
 23738 | Orc:1    | Entered Level 1 of the Orcish Mines
 23791 | Orc:2    | Entered Level 2 of the Orcish Mines
 23918 | Orc:2    | Noticed Saint Roka
 23922 | Orc:2    | Noticed Nessos
 23922 | Orc:2    | Noticed Donald
 23971 | Orc:1    | Killed Donald
 23972 | Orc:1    | Reached skill level 10 in Armour
 24047 | Orc:2    | Killed Saint Roka
 24152 | Orc:2    | Found a staircase to the Elven Halls.
 24242 | Orc:2    | Found a roughly hewn altar of Beogh.
 24321 | Orc:2    | Killed Nessos
 24338 | Orc:2    | Found Romne's Weapon Boutique.
 24338 | Orc:2    | Found Zicol's Magic Scroll Shoppe.
 24339 | Orc:2    | Found Eptutocs's Antique Weapon Shoppe.
 24339 | Orc:2    | Found Zocat's Assorted Antiques.
 24370 | Orc:2    | Reached skill level 5 in Shields
 24375 | Orc:2    | Paralysed by something for 4 turns
 24505 | Orc:2    | Noticed Azrael
 24562 | Orc:2    | Killed Azrael
 24737 | Orc:2    | Reached XP level 15. HP: 129/129 MP: 15/15
 24743 | Orc:2    | Bought a scroll of acquirement for 832 gold pieces
 24743 | Orc:2    | Acquired the +1 pair of gloves of Ikkohil {^Drain rF+ Int+3
                  | Dex+2}
 24756 | Orc:2    | Bought a scroll of fear for 64 gold pieces
 24756 | Orc:2    | Bought a scroll of enchant armour for 120 gold pieces
 24756 | Orc:2    | Bought a scroll of teleportation for 48 gold pieces
 24756 | Orc:2    | Bought a scroll of fear for 64 gold pieces
 24756 | Orc:2    | Bought a scroll of silence for 152 gold pieces
 24759 | Orc:2    | Bought a potion of resistance for 300 gold pieces
 24759 | Orc:2    | Bought a scroll of blinking for 225 gold pieces
 24759 | Orc:2    | Bought a potion of resistance for 300 gold pieces
 24759 | Orc:2    | Bought a gilded ring for 150 gold pieces
 25371 | Orc:1    | Noticed Erica
 25372 | Orc:1    | Noticed Sonja
 25388 | Orc:1    | Killed Sonja
 25398 | Orc:1    | Killed Erica
 26265 | Lair:5   | Reached skill level 10 in Shields
 26845 | D:13     | Found a gate to the Vaults.
 27181 | D:13     | Found a runed translucent door.
 27449 | D:13     | Found a runed translucent door.
 27467 | D:13     | Found a runed translucent door.
 27563 | D:13     | Found a runed translucent door.
 28449 | D:14     | Identified the +7 chain mail of Dobb {rCorr}
 28472 | D:14     | Found a one-way gate to the infinite horrors of the Abyss.
 28472 | D:14     | Identified the +9 dagger of the Enchanting Blowfly
                  | {distort, Int+3}
 28557 | D:14     | Found a large runed translucent door.
 28557 | D:14     | Found a large runed translucent door.
 28557 | D:14     | Found a corrupted altar of Lugonu.
 29183 | D:15     | Entered Level 15 of the Dungeon
 29185 | D:15     | Found a portal to a secret trove of treasure.
 29261 | D:15     | Gained mutation: You are partially covered in thin metallic
                  | scales. (AC +2) [demonic ancestry]
 29261 | D:15     | Reached XP level 16. HP: 136/136 MP: 16/16
 29374 | D:15     | Found a staircase to the Depths.
 30703 | Swamp:1  | Entered Level 1 of the Swamp
 30978 | Swamp:1  | Found a glacial archway.
 30999 | IceCv    | Entered an ice cave
 31020 | IceCv    | Found a transporter.
 31041 | IceCv    | Found a transporter.
 31474 | Swamp:1  | Reached skill level 15 in Shields
 31668 | Swamp:2  | Noticed Louise
 31711 | Snake:1  | Entered Level 1 of the Snake Pit
 31718 | Snake:1  | Noticed Asterion
 31724 | Lair:3   | HP: 5/136 [poisoned by a naga mage (splash of poison)]
 31986 | Elf:1    | Entered Level 1 of the Elven Halls
 32095 | Depths:1 | Entered Level 1 of the Depths
 32102 | Depths:1 | Bought the ring "Gys Zit" {rPois Will+} for 652 gold pieces
 32110 | Depths:1 | Bought a scroll of summoning for 133 gold pieces
 32371 | Abyss:3  | Cast into level 3 of the Abyss (Louise)
 32390 | Abyss:3  | Found a corrupted altar of Lugonu.
 32517 | Abyss:3  | Found a corrupted altar of Lugonu.
 32586 | Abyss:3  | Noticed a tentacled monstrosity
 32598 | Abyss:3  | Killed a tentacled monstrosity
 32650 | Swamp:1  | Escaped the Abyss
 32671 | Swamp:1  | Killed Louise
 32826 | Swamp:2  | Killed from afar by a bog body

Illustrated notes

Levels and vault maps discovered:
D:1:      ldierk_walled_garden, layout_rooms, serial_shops, shop,
          serial_park_tiny_1, nicolae_eternal_life
D:2:      layout_basic, serial_shops, nicolae_shop_real_fake_doors, hex_tiny
D:3:      cheibrodos_greedy_goblins, layout_loops_ring,
          hellmonk_ghost_happy_afterlife, minmay_misc_feat_tower,
          minmay_fractal_squares_gapless_5
D:4:      layout_rooms, kennysheep_crisscross
D:5:      layout_layer_cave, mainiacjoe_overflow_alcove_4,
          minmay_temple_entry_stoned_glass
D:6:      layout_basic, uniq_edmund
D:7:      layout_gridville, cheibrodos_worm_habitat,
          nicolae_overflow_hidden_temple, enter_bailey_6, minivault_19,
          uniq_prince_ribbit1, uniq_maggie, uniq_menkaure
D:8:      layout_basic, amcnicky_altar_gilded, grunt_temple_overflow_open,
          mainiacjoe_overflow_six_doors_small, biasface_ghost_orc_armoury,
          hangedman_decor_peaks_small, uniq_psyche
D:9:      layout_roguey, uniq_pikel
D:10:     layout_small_grid, grunt_temple_overflow_forces_of_nature,
          dreamdust_divine_triumvirate, mainiacjoe_overflow_surrounded_room,
          david_lair_generic, grunt_ministairs_1, st_stairs_7,
          nicolae_custom_books, minivault_16, centaur_isle
D:11:     layout_long_grid
D:12:     layout_roguey, zombieorc1_lemuel,
          serial_library_hellmonk_long_bookcase, serial_park_tiny_pond
D:13:     layout_roguey, david_vaults_2, minmay_statue_crystal_thing
D:14:     due_chaos_kobolds, layout_long_grid, elyvilon_altar_5, minivault_4,
          chequers_garden
D:15:     gammafunk_depths_entry_grave, layout_stronghold,
          nicolae_trove_entry_free_sample, nicolae_figureground_pulse
Lair:1:   layout_regular_city, grunt_megastairs_1, lemuel_fruit_tree,
          serial_bayou_shore_b
Lair:2:   nzn_winding_woodlands_medium [nzn_winding_woodlands_5x5_closed_star,
          nzn_winding_woodlands_5x15_zeroes, nzn_winding_woodlands_hourglass,
          nzn_winding_woodlands_5x5_open_star,
          nzn_winding_woodlands_center_garden,
          nzn_winding_woodlands_5x5_checkerboard,
          nzn_winding_woodlands_5x5_cross, nzn_winding_woodlands_5x15_parted,
          nzn_winding_woodlands_5x5_default], layout_hall_layers,
          infiniplex_staircase_pool_2, uniq_fannar
Lair:3:   layout_cave_pods, minmay_swamp_entry_worms,
          guppyfry_snake_entry_garden, gauntlet_entry_generic,
          serial_bayou_lagoon_a, lemuel_fruit_fields
Lair:4:   layout_layer_cave, beast_lair_carwin_9
Lair:5:   due_jungle_book, layout_loops_ring, slime_entry_1, grunt_megastairs_4
Swamp:1:  layout_basic_swamp, portal_ice_cave_entry_pillars_1,
          evilmike_swamp_ruin_house_4, swamp_pool_3, infiniplex_staircase_pool
Swamp:2:  layout_falls_marsh, serial_swamp_ruin, evilmike_swamp_ruin_rubble_2,
          evilmike_swamp_ruin_house_6, hangedman_swamp_ruin_wall, swamp_pool_4,
          uniq_louise
Snake:1:  onia_ninara_swampy_vault, layout_basic, serial_shops, shop,
          minmay_shoptagon, uniq_asterion
Orc:1:    layout_diamond_mine, regret_index_minedec_shroomtown_chain,
          uniq_sonja, uniq_erica
Orc:2:    st_orc_ogre_mass, layout_diamond_mine, basic_altar, uniq_saint_roka,
          uniq_nessos, uniq_donald, uniq_azrael
Elf:1:    eino_elf_arrival_altar, layout_geoelf_octagon, serial_shops,
          nicolae_shop_hallway_stairs, hangedman_elf_represent,
          grunt_ministairs_1, nicolae_elf_glassroom_feature
Depths:1: layout_basic, nicolae_wwwww, ebering_ghost_rock_garden,
          grunt_metal_band, kiku_gazebo_garden_becter

Skill      XL: |  1  2  3  4  5  6  7  8  9 10 11 12 13 14 15 16 |
---------------+-------------------------------------------------+-----
Dodging        | 4 6 7 8 9 10 | 10.0
Fighting       | 4 5 6 8 9 10 12 14 15 | 15.0
Long Blades    | 3 7 8 10 11 13 14 | 14.0
Armour         | 4 6 8 10 | 10.0
Shields        | 8 13 15 | 15.9
Unarmed Combat | |  1.7
Invocations    | |  1.2

Action                     |  1- 3 |  4- 6 |  7- 9 | 10-12 | 13-15 | 16-18 || total
---------------------------+-------+-------+-------+-------+-------+-------++-------
  Melee: Dagger            |    65 |       |       |       |       |       ||    65
         Short sword       |   125 |   142 |    51 |     5 |    13 |       ||   336
         Kick              |    35 |    33 |    60 |   215 |   585 |   156 ||  1084
         Unarmed           |       |     5 |       |       |       |       ||     5
         Falchion          |       |       |    36 |       |       |       ||    36
         Scimitar          |       |       |   143 |   541 |  1281 |   361 ||  2326
  Throw: Throwing net      |     3 |       |       |     2 |       |       ||     5
         Boomerang         |    14 |     7 |    12 |    20 |    10 |     1 ||    64
 Invoke: Call Merchant     |       |       |       |       |       |     4 ||     4
  Evoke: Wand              |       |       |     9 |     8 |    14 |     1 ||    32
         Phantom mirror    |       |       |       |       |     2 |     1 ||     3
         Phial of floods   |       |       |       |       |       |     1 ||     1
    Use: Potion            |     2 |     1 |     4 |     4 |     9 |     8 ||    28
         Scroll            |       |     8 |     6 |    11 |    10 |     4 ||    39
   Stab: Sleeping          |     3 |       |       |     2 |     2 |     1 ||     8
         Held in net/web   |     1 |       |       |     1 |       |       ||     2
         Distracted        |       |       |     2 |     2 |     8 |     3 ||    15
         Invisible         |       |       |       |     2 |       |       ||     2
         Paralysed         |       |       |       |       |    12 |       ||    12
         Petrified         |       |       |       |       |     3 |       ||     3
 Armour: Leather armour    |   116 |       |    82 |   189 |       |       ||   387
         Ring mail         |     3 |    75 |    16 |       |       |       ||    94
         Skin              |       |     6 |    25 |       |       |       ||    31
         Acid dragon scale |       |       |       |   138 |   604 |   215 ||   957
  Dodge: Dodged            |   117 |    64 |   105 |   315 |   667 |   197 ||  1465
  Block: Kite shield       |       |       |       |       |   449 |   348 ||   797
         Reflection        |       |       |       |       |    27 |    23 ||    50

Table legend: (Time is in decaauts)
 A = Elapsed time spent in this place.
 B = Non-inter-level travel time spent in this place.
 C = Inter-level travel time spent in this place.
 D = Time resting spent in this place.
 E = Time spent auto-exploring this place.
 F = Levels seen in this place.
 G = Mean time per level.
                   A        B        C        D        E       F      G
               +--------+--------+--------+--------+--------+-----+--------+
         Total |  32452 |  30030 |   2422 |   4044 |  18149 |  31 | 1046.8 |
       Dungeon |  17903 |  16560 |   1343 |   1882 |  10872 |  15 | 1193.5 |
          Lair |   8472 |   7647 |    825 |   1119 |   4719 |   5 | 1694.4 |
         Swamp |   1091 |   1008 |     83 |     57 |    526 |   2 |  545.5 |
     Snake Pit |     15 |     15 |      0 |      0 |      0 |   1 |   15.0 |
  Orcish Mines |   2102 |   1938 |    164 |     63 |   1069 |   2 | 1051.0 |
   Elven Halls |      6 |      5 |      1 |      0 |      0 |   1 |    6.0 |
        Depths |     32 |     29 |      3 |      0 |      0 |   1 |   32.0 |
         Abyss |    272 |    272 |      0 |     43 |     87 |   1 |  272.0 |
        Bailey |   1469 |   1469 |      0 |    769 |    236 |   1 | 1469.0 |
      Ice Cave |    123 |    123 |      0 |     48 |      0 |   1 |  123.0 |
      Gauntlet |    961 |    961 |      0 |     61 |    638 |   1 |  961.0 |
               +--------+--------+--------+--------+--------+-----+--------+

Top non-repeatable levels by time:
  Lair:1: 2076 daAuts
  Lair:2: 1791 daAuts
    D:10: 1708 daAuts
  Lair:5: 1657 daAuts
  Lair:3: 1633 daAuts
  Bailey: 1469 daAuts
     D:6: 1431 daAuts
     D:2: 1429 daAuts
     D:5: 1323 daAuts
  Lair:4: 1313 daAuts
   Orc:2: 1306 daAuts
    D:11: 1279 daAuts
     D:7: 1223 daAuts
    D:13: 1217 daAuts
     D:3: 1191 daAuts
